Map: King's Cove LE

Players

Lambo - Winner!

  • Race: Zerg Zerg
  • League: Grandmaster
  • Spawn Location: 5:00

AlphaGo (Guru)

  • Race: Zerg Zerg
  • League: Master
  • Spawn Location: 11:00

VOD

Have the link to the VOD?

Description

Time

  • Played on: Feb. 5, 2019, 11:15 a.m.
  • Length: 8:32
Show
View Real Time Build Order
Export as new Build Order

Lambo Zerg - Winner!

Build Orders: Hatch First 

Get SALT Encoding   

  12  0:01  Drone  
  13  0:14  Overlord  
  13  0:18  Drone  
  14  0:32  Drone x2  
  16  0:50  Hatchery  
  16  0:53  Drone  
  16  0:56  Drone  
  17  1:00  Drone  
  18  1:10  Extractor  
  17  1:15  Spawning Pool  
  16  1:18  Drone  
  16  1:23  Drone  
  18  1:30  Drone  
  19  1:43  Drone  
  20  1:59  Overlord  
  20  2:03  Queen x2  
  20  2:04  Zergling x4  
  26  2:13  Drone x2  
  26  2:14  Metabolic Boost  
  28  2:24  Drone x2  
  30  2:39  Hatchery  
  30  2:42  Drone  
  30  2:43  Drone  
  31  2:48  Drone  
  31  2:50  Drone  
  33  2:54  Evolution Chamber  
  32  3:00  Overlord  
  32  3:02  Zergling x2  
  33  3:08  Zergling x4  
  35  3:14  Drone  
  37  3:20  Drone x4  
  37  3:26  Drone x2  
  42  3:30  Overlord  
  42  3:32  Zerg Missile Weapons Level 1  
  42  3:37  Zergling x2  
  43  3:41  Zergling x2  
  43  3:44  Overlord  
  44  3:48  Overlord  
  44  3:49  Zergling x8  
  44  3:53  Zergling x4  
  49  3:59  Zergling x2  
  49  4:02  Zergling x4  
  51  4:12  Drone x2  
  51  4:15  Drone  
  54  4:17  Drone  
  54  4:18  Roach Warren  
  54  4:20  Drone x3  
  54  4:21  Queen  
  54  4:23  Drone  
  60  4:25  Drone  
  60  4:28  Drone x2  
  63  4:31  Drone  
  63  4:35  Drone  
  64  4:40  Drone x2  
  64  4:42  Extractor  
  64  4:44  Extractor, Drone  
  65  4:46  Drone x2  
  65  4:48  Lair  
  65  4:50  Drone  
  68  4:53  Drone  
  68  4:54  Drone  
  68  4:55  Overlord  
  67  5:08  Overlord  
  67  5:11  Roach x3  
  73  5:17  Overlord  
  73  5:18  Extractor  
  73  5:19  Drone  
  73  5:20  Drone x2, Overlord  
  75  5:21  Roach  
  75  5:22  Roach x2  
  81  5:32  Roach x2  
  81  5:33  Roach  
  83  5:38  Roach x2  
  85  5:44  Drone x3  
  85  5:45  Drone x2, Overlord, Extractor  
  89  5:55  Zerg Missile Weapons Level 2  
  88  6:01  Drone x2  
  88  6:02  Drone x2  
  88  6:03  Extractor  
  91  6:06  Roach x3  
  97  6:14  Overlord  
  97  6:15  Glial Reconstitution  
  97  6:17  Roach x2  
  99  6:23  Queen  
  98  6:29  Roach x4  
  98  6:32  Overseer  
  103  6:37  Drone x2  
  103  6:38  Roach x3  
  103  6:39  Roach  
  113  6:40  Overlord  
  113  6:43  Overlord  
  113  6:44  Overlord  
  113  6:45  Overlord  
  113  6:48  Roach x3  
  119  6:55  Roach  
  119  6:56  Nydus Network  
  119  6:58  Overlord  
  119  7:01  Roach x4  
  128  7:05  Roach x3  
  134  7:09  Roach x2  
  134  7:14  Roach  
  140  7:17  Roach x2  
  140  7:21  Roach x2  
  148  7:25  Roach x2  
  148  7:29  Roach x2  
  156  7:34  Roach x3  
  156  7:37  Overlord  
  162  7:43  Overlord  
  162  7:49  Nydus Canal  
  162  7:57  Roach x7  
  166  7:59  Roach x2  
  166  8:03  Nydus Canal  
  166  8:04  Roach  
  166  8:05  Roach  
  170  8:12  Roach x3  
Show
View Real Time Build Order
Export as new Build Order

AlphaGo Zerg 

Build Orders: Hatch First 

Get SALT Encoding   

  12  0:01  Drone  
  13  0:12  Overlord  
  13  0:18  Drone  
  14  0:32  Drone x2  
  16  0:37  Drone  
  17  0:55  Hatchery  
  16  0:57  Drone  
  17  1:12  Spawning Pool  
  17  1:14  Extractor  
  17  1:16  Drone  
  16  1:19  Drone  
  16  1:22  Drone  
  18  1:31  Drone  
  19  1:53  Drone  
  20  1:59  Queen  
  22  2:06  Queen  
  22  2:08  Drone x3  
  27  2:15  Metabolic Boost  
  27  2:19  Overlord  
  27  2:21  Drone  
  28  2:36  Queen  
  28  2:37  Drone  
  28  2:40  Drone x2  
  28  2:42  Queen  
  35  2:48  Overlord  
  35  2:50  Drone  
  36  2:55  Overlord  
  36  2:59  Evolution Chamber  
  35  3:10  Zergling x2  
  35  3:11  Zergling x10  
  41  3:14  Zergling x2  
  41  3:15  Drone  
  41  3:18  Drone x2  
  45  3:23  Drone  
  45  3:26  Zerg Missile Weapons Level 1  
  46  3:30  Overlord  
  46  3:37  Overlord  
  46  3:39  Drone  
  47  3:44  Roach Warren  
  47  3:45  Drone  
  47  3:53  Drone  
  47  3:54  Drone x5  
  53  3:57  Drone  
  53  4:08  Zergling x4  
  55  4:10  Extractor, Lair  
  55  4:11  Extractor  
  55  4:14  Zergling x4  
  54  4:21  Drone  
  55  4:25  Drone  
  55  4:27  Evolution Chamber  
  52  4:39  Drone x5  
  52  4:44  Drone x2  
  59  4:49  Drone  
  59  4:50  Drone x2, Extractor  
  61  4:54  Zerg Ground Armor Level 1, Evolution Chamber  
  61  4:57  Overlord  
  60  5:06  Roach  
  62  5:09  Glial Reconstitution, Overlord  
  62  5:17  Roach  
  64  5:24  Overlord  
  64  5:27  Queen  
  64  5:28  Queen  
  65  5:38  Zerg Missile Weapons Level 2  
  65  5:39  Roach x4  
  71  5:45  Zergling x8  
  71  5:49  Drone  
  76  5:52  Hatchery  
  76  5:56  Roach x4  
  76  5:57  Roach  
  85  6:01  Roach  
  87  6:06  Roach  
  87  6:09  Overlord  
  89  6:15  Overlord  
  89  6:18  Roach  
  91  6:22  Overlord  
  91  6:23  Roach  
  92  6:26  Overlord  
  90  6:37  Infestation Pit  
  90  6:38  Drone x2  
  90  6:39  Drone x3, Overseer  
  94  6:42  Drone x3  
  94  6:43  Drone  
  98  6:52  Drone x2  
  100  6:54  Overlord  
  100  6:57  Drone x2  
  102  7:02  Extractor  
  102  7:03  Extractor  
  100  7:09  Overlord  
  100  7:14  Infestor x2  
  104  7:16  Infestor  
  104  7:19  Drone  
  104  7:20  Drone x4  
  104  7:21  Drone  
  112  7:24  Overlord  
  112  7:25  Roach  
  114  7:31  Roach x3  
  121  7:37  Ravager  
  121  7:39  Roach x2  
  121  7:41  Roach  
  121  7:43  Roach  
  129  7:46  Roach x2  
  129  7:50  Roach x2  
  126  7:59  Roach x4  
  126  8:00  Roach  
  126  8:03  Roach x2  
  126  8:04  Roach  
  140  8:06  Roach  
  140  8:08  Roach x3  
  140  8:11  Roach  
Tags
 
Add a new tag
Caveats
  • Supply blocks, unpowered buildings, or Contaminate may cause inaccurate times.
  • Supply counts are checked every 10 seconds.